 Dungeon Crawl Stone Soup version 0.19-a0-1835-g9eb87fe (webtiles) character file.

84 ArcMage the Firebug (level 4, 0/30 HPs)
             Began as a Human Fire Elementalist on Oct 8, 2016.
             Killed from afar by Natasha (10 damage)
             ... with a magic dart
             ... on level 2 of the Dungeon.
             The game lasted 00:10:25 (1091 turns).

ArcMage the Firebug (Human Fire Elementalist)       Turns: 1091, Time: 00:10:26

Health: 0/30       AC:  2    Str:  9    XL:     4   Next: 72%
Magic:  3/8        EV: 13    Int: 16    God:
Gold:   33         SH:  0    Dex: 13    Spells: 1 memorised, 7 levels left

rFire  . . .     SeeInvis .     j - +0 short sword
rCold  . . .     Gourm    .     a - +0 robe
rNeg   . . .     Faith    .     (no shield)
rPois  .         Spirit   .     (no helmet)
rElec  .         Dismiss  .     (no cloak)
rCorr  .         Reflect  .     (no gloves)
MR     .....     Harm     .     (no boots)
Stlth  ++........               l - amulet of regeneration
                                (no ring)
                                (no ring)

@: very slightly contaminated, invisible
A: no striking features
a: no special abilities


You were on level 2 of the Dungeon.
You were not hungry.

You visited 1 branch of the dungeon, and saw 2 of its levels.

You collected 33 gold pieces.

Inventory:

Hand Weapons
 j - a +0 short sword (weapon)
Missiles
 p - 17 stones (quivered)
Armour
 a - a +0 robe (worn)
Jewellery
 l - an amulet of regeneration (around neck)
Scrolls
 e - a scroll of fear {unknown}
 f - a scroll of fog {unknown}
 i - 3 scrolls of identify {unknown}
 n - a scroll of recharging {unknown}
Potions
 k - a potion of might {unknown}
 m - a potion of resistance {unknown}
 o - a potion of brilliance {unknown}
Books
 b - a book of Flames

   Spells                             Type                      Level
   a - Flame Tongue                   Conjuration/Fire             1
   b - Throw Flame                    Conjuration/Fire             2
   c - Conjure Flame                  Conjuration/Fire             3
   d - Inner Flame                    Hexes/Fire                   3
   e - Sticky Flame                   Conjuration/Fire             4
   f - Fireball                       Conjuration/Fire             5
Comestibles
 c - 2 bread rations
 g - 3 chunks of flesh


   Skills:
 * Level 2.8 Dodging
 + Level 2.8 Stealth
 * Level 2.8 Spellcasting
 + Level 1.7 Conjurations
 + Level 3.2 Fire Magic


You had 7 spell levels left.
You knew the following spells:

 Your Spells              Type           Power        Failure   Level  Hunger
a - Flame Tongue          Conj/Fire      ##...        10%         1    #......


Dungeon Overview and Level Annotations

Branches:
Dungeon (2/15)

Altars:

Annotations:
D:2 Natasha


Message History

The crimson imp hits you.
* * * LOW HITPOINT WARNING * * *
Natasha claws you!
* * * LOW HITPOINT WARNING * * *
You hit Natasha but do no damage.
Natasha is almost dead.
The crimson imp barely misses you. Natasha closely misses you.
You completely miss Natasha.
Natasha is almost dead.
The crimson imp barely misses you. Natasha misses you.
It was a potion of curing.
You feel better. The crimson imp closely misses you.
The crimson imp shouts, "Embrace thy dedition, thou simpering crook-pated canker-blossom!"
Natasha casts a spell at you. You resist with some effort.
It was a potion of invisibility.
You fade into invisibility!
The crimson imp misses you. The crimson imp closely misses you.
Natasha casts a spell at you. The magic dart hits you!
You die...

#...#..........#.....
#.............^#.....
####.####..###.......
#.###...#####.....
#######.##......##....#.
##.....#.##......#..#....
##........##......#.##....
#........h##..............
#.......5@#....<..#.#.....
#.......5.##...........#..
#..................###.#..
#.........##......## #....
#.............##.######..#
#.........######......#...
#..<......# ######.....
#.........# ###.##
#.........# #...


You could see Natasha and 2 crimson imps.

Vanquished Creatures
  Natasha (twice) (D:2)
  An adder (D:2)
  An ooze (D:2)
  A dart slug (D:2)
  A leopard gecko (D:1)
  2 bats
  A giant cockroach (D:1)
  3 goblins
  3 hobgoblins
  2 frilled lizards (D:2)
  2 kobolds
  A rat (D:1)
20 creatures vanquished.

Notes
Turn   | Place    | Note
-------+----------+-------------------------------------------
     0 | D:1      | ArcMage the Human Fire Elementalist began the quest for the Orb.
     0 | D:1      | Reached XP level 1. HP: 13/13 MP: 3/3
    84 | D:1      | Reached XP level 2. HP: 19/19 MP: 0/5
   605 | D:2      | Reached XP level 3. HP: 20/24 MP: 0/6
   814 | D:2      | Noticed Natasha
   826 | D:2      | Killed Natasha
   826 | D:2      | Reached XP level 4. HP: 13/30 MP: 0/8
   976 | D:2      | Noticed Natasha
   988 | D:2      | Killed Natasha
  1065 | D:2      | Noticed Natasha
  1087 | D:2      | HP: 1/30 [Natasha (7)]
  1091 | D:2      | Killed from afar by Natasha

Vault maps used:
D:1:      dpeg_arrival_shelter
D:2:      uniq_natasha

Action                   |  1- 3 |  4- 6 || total
-------------------------+-------+-------++-------
Melee: Unarmed           |     5 |       ||     5
       Dagger            |     3 |       ||     3
       Short sword       |     4 |     8 ||    12
 Cast: Flame Tongue      |    31 |    12 ||    43
  Use: Potion            |       |     2 ||     2
  Eat: Chunk             |       |     1 ||     1
Armor: Robe              |     6 |     2 ||     8
Dodge: Dodged            |    14 |    20 ||    34
